 Dungeon Crawl Stone Soup version 0.18.1-48-g4cf74bf (webtiles) character file.

1532 FrancescoMac the Ducker (level 9, 0/68 HPs)
             Began as a Human Gladiator on July 3, 2016.
             Was a Follower of Dithmenos.
             Succumbed to a killer bee's poison
             ... on level 7 of the Dungeon.
             The game lasted 00:23:36 (6397 turns).

FrancescoMac the Ducker (Human Gladiator)           Turns: 6397, Time: 00:23:37

Health: 0/68       AC: 11    Str: 16    XL:     9   Next: 10%
Magic:  10/10      EV: 14    Int: 14    God:    Dithmenos [*.....]
Gold:   271        SH:  0    Dex: 16    Spells: 2 memorised, 7 levels left

rFire  + . .     SeeInvis .     a - +1 quarterstaff
rCold  . . .     Gourm    .     v - +1 ring mail {rF+}
rNeg   . . .     Faith    .     (shield currently unavailable)
rPois  .         Spirit   .     h - +0 helmet
rElec  .         Dismiss  .     e - +1 cloak
rCorr  +         Reflect  .     w - +0 pair of gloves
SustAt +         Harm     .     (no boots)
MR     .....                    (no amulet)
Stlth  ++........               l - ring of sustain attributes
                                t - ring of resist corrosion

@: brilliant, lethally poisoned (0 -> -3), wreathed by umbra, repel missiles,
drained, not resistant to hostile enchantments, unstealthy
A: no striking features
a: Renounce Religion


You were on level 7 of the Dungeon.
You worshipped Dithmenos.
Dithmenos was aware of your devotion.
You were not hungry.

You visited 2 branches of the dungeon, and saw 8 of its levels.

You collected 271 gold pieces.

Inventory:

Hand Weapons
 a - a +1 quarterstaff (weapon)
Missiles
 d - 3 throwing nets (quivered)
Armour
 b - a +0 leather armour
 c - a +0 helmet
 e - a +1 cloak (worn)
 h - a +0 helmet (worn)
 s - a +1 cloak
 v - a +1 ring mail of fire resistance (worn)
 w - a +0 pair of gloves (worn)
 y - a +2 hat
 z - a +0 chain mail of magic resistance
 D - a +1 leather armour of fire resistance
Jewellery
 j - an uncursed ring of protection from fire
 l - a ring of sustain attributes (right hand)
 t - a ring of resist corrosion (left hand)
Wands
 k - a wand of confusion (19/48)
 E - a wand of flame (38/48)
Scrolls
 p - a scroll of amnesia
 q - 4 scrolls of enchant weapon
 u - a scroll of teleportation
 x - 2 scrolls of remove curse
 F - a scroll of fog
Potions
 g - a potion of brilliance
Books
 r - a book of Clouds

   Spells                             Type                      Level
   a - Mephitic Cloud                 Conjuration/Poison/Air       3
   b - Conjure Flame                  Conjuration/Fire             3
   c - Poisonous Cloud                Conjuration/Poison/Air       6
   d - Freezing Cloud                 Conjuration/Ice/Air          6
   e - Ring of Flames                 Charms/Fire                  7
 C - a book of Air

   Spells                             Type                      Level
   a - Shock                          Conjuration/Air              1
   b - Swiftness                      Charms/Air                   2
   c - Repel Missiles                 Charms/Air                   2
   d - Static Discharge               Conjuration/Air              3
   e - Lightning Bolt                 Conjuration/Air              5
Comestibles
 f - 4 bread rations
 i - 8 fruits
 m - 2 meat rations


   Skills:
 + Level 5.2(5.0) Fighting
 + Level 5.5(5.2) Staves
 - Level 2.0(1.7) Throwing
 * Level 4.6(4.3) Armour
 + Level 5.8(5.5) Dodging
 + Level 3.1(2.9) Stealth
 + Level 1.1(0.9) Spellcasting
 + Level 1.7(1.4) Charms
 + Level 1.5(1.2) Air Magic


You had 7 spell levels left.
You knew the following spells:

 Your Spells              Type           Power        Failure   Level  Hunger
a - Shock                 Conj/Air       ##..         5%          1    ##.....
b - Repel Missiles        Chrm/Air       ##....       5%          2    ###....


Dungeon Overview and Level Annotations

Branches:
Dungeon (7/15)             Temple (1/1) D:4

Altars:
Ashenzari
Cheibriados
Dithmenos
Fedhas
Gozag
Kikubaaqudgha
Makhleb
Nemelex Xobeh
Okawaru
Pakellas
Qazlal
Ru
Sif Muna
Trog
Vehumet
Xom
Yredelemnul
Zin
The Shining One

Shops:
D:5 =   D:6 =   D:7 *


Message History

You open the door.
A wight comes into view. It is wielding an enchanted dagger.
* * * LOW HITPOINT WARNING * * *
You feel sick.
The wight moves out of view.
A wight comes into view. It is wielding an enchanted mace.
* * * LOW HITPOINT WARNING * * *
You feel sick.
The giant frog croaks.
There is an open door here.
* * * LOW HITPOINT WARNING * * *
You feel sick.
* * * LOW HITPOINT WARNING * * *
You feel sick.
A wight comes into view. It is wielding an enchanted halberd.
There is a stone staircase leading down here.
* * * LOW HITPOINT WARNING * * *
You feel sick.
The giant frog hits you but does no damage.
You climb downwards.
You die...

### ## .. .# ..
.# #. .# #.. .#
# ##..##.###..#
###......∩....#
.......@.......
###..########.#
#


There were no monsters in sight!

Vanquished Creatures
  Duvessa (D:5)
  A sky beast (D:6)
  2 ogres
  2 phantoms
  A centaur (D:6)
  A giant frog (D:6)
  A scorpion (D:6)
  Dowan (D:5)
  2 howler monkeys (D:6)
  2 crimson imps (D:5)
  2 jellies (D:5)
  5 orc priests
  A giant frog skeleton (D:6)
  A gnoll shaman (D:5)
  2 orc wizards
  2 iguanas (D:4)
  A worker ant (D:6)
  7 gnolls
  3 adders
  An adder zombie (D:5)
  An ooze (D:1)
  2 adder skeletons
  2 worms
  2 dart slugs
  2 giant geckos
  21 orcs
  2 ball pythons
  6 bats
  5 giant cockroaches
  7 goblins
  7 hobgoblins
  2 jackals (D:3)
  4 quokkas
  3 giant newts
  7 kobolds
  10 rats
122 creatures vanquished.

Notes
Turn   | Place    | Note
--------------------------------------------------------------
     0 | D:1      | FrancescoMac the Human Gladiator began the quest for the Orb.
     0 | D:1      | Reached XP level 1. HP: 16/16 MP: 1/1
    75 | D:1      | Reached XP level 2. HP: 13/22 MP: 2/2
   421 | D:1      | Reached XP level 3. HP: 21/28 MP: 3/3
   846 | D:2      | Found a blossoming altar of Fedhas.
   996 | D:2      | Found a sacrificial altar of Ru.
  1169 | D:2      | Reached XP level 4. HP: 32/34 MP: 4/4
  1770 | D:3      | Found a stormy altar of Qazlal.
  1838 | D:3      | Reached XP level 5. HP: 8/41 MP: 5/5
  2120 | D:3      | Found a deep blue altar of Sif Muna.
  2120 | D:3      | Found an opulent altar of Gozag.
  2805 | D:4      | Noticed a phantom
  2830 | D:4      | Killed a phantom
  2830 | D:4      | Reached XP level 6. HP: 35/48 MP: 6/6
  3229 | D:4      | Reached skill level 1 in Armour
  3469 | D:4      | Found a staircase to the Ecumenical Temple.
  3478 | Temple   | Entered the Ecumenical Temple
  3749 | Temple   | Became a worshipper of Dithmenos the Shadowed
  3773 | D:4      | Reached XP level 7. HP: 54/54 MP: 7/7
  3812 | D:4      | Reached skill level 5 in Dodging
  4119 | D:5      | Entered Level 5 of the Dungeon
  4125 | D:5      | Reached skill level 1 in Stealth
  4225 | D:5      | Found Subroibo's Jewellery Shop.
  4278 | D:5      | Reached skill level 5 in Staves
  4520 | D:5      | Found a glowing golden altar of the Shining One.
  4533 | D:5      | Reached XP level 8. HP: 61/61 MP: 8/8
  4540 | D:5      | Reached * piety under Dithmenos
  4725 | D:5      | Noticed Dowan
  4726 | D:5      | Noticed Duvessa
  4752 | D:5      | HP: 1/61 [Dowan/dagger of electrocution (8)]
  5082 | D:5      | Killed Dowan
  5115 | D:5      | Killed Duvessa
  5382 | D:5      | Learned a level 1 spell: Shock
  5385 | D:5      | Learned a level 2 spell: Repel Missiles
  5520 | D:6      | Reached skill level 5 in Fighting
  5582 | D:6      | Reached skill level 1 in Charms
  5698 | D:6      | Reached skill level 1 in Spellcasting
  5698 | D:6      | Reached skill level 1 in Air Magic
  5790 | D:6      | Reached XP level 9. HP: 68/68 MP: 10/10
  5844 | D:6      | Found Lughakod's Jewellery Emporium.
  6392 | D:6      | HP: 3/68 [poisoned by a killer bee]
  6396 | D:6      | HP: 1/68 [poisoned by a killer bee]
  6397 | D:7      | Found Jamuyn's General Store.
  6397 | D:7      | Succumbed to a killer bee's poison

Skill      XL: |  1  2  3  4  5  6  7  8  9 |
---------------+----------------------------+-----
Fighting       | 3 4 5 |  5.2
Dodging        | 4 5 |  5.8
Staves         | 4 5 |  5.5
Armour         | 1 3 4 |  4.6
Stealth        | 1 2 3 |  3.1
Charms         | 1 |  1.7
Spellcasting   | 1 |  1.1
Air Magic      | 1 |  1.5
Throwing       | |  2.0

Action                   |  1- 3 |  4- 6 |  7- 9 || total
-------------------------+-------+-------+-------++-------
Melee: Quarterstaff      |   104 |   143 |   303 ||   550
 Cast: Repel Missiles    |       |       |     1 ||     1
  Use: Scroll            |     5 |     6 |     6 ||    17
       Potion            |     2 |     1 |     3 ||     6
 Stab: Sleeping          |       |     1 |     1 ||     2
       Distracted        |       |       |     1 ||     1
  Eat: Chunk             |     1 |     7 |     3 ||    11
       Pizza             |       |     1 |     1 ||     2
       Meat ration       |       |       |     1 ||     1
Armor: Leather armour    |    40 |    31 |       ||    71
       Ring mail         |       |     6 |   157 ||   163
Dodge: Dodged            |    75 |    84 |   358 ||   517
